[Event "21st Hogeschool Zeeland 2017"]
[Site "Vlissingen"]
[Date "2017.08.12"]
[Round "9"]
[White "Kuipers, Stefan"]
[Black "Klepke, Ricardo"]
[Result "1-0"]
[ECO "B90"]
[WhiteElo "2399"]
[BlackElo "2205"]
[Annotator "NA"]
[PlyCount "157"]
[EventDate "2017.??.??"]
[SourceTitle "playchess.com"]
[Source "ChessBase"]
[SourceQuality "1"]
[TimeControl "40/5400+30:1800+30"]

1. e4 c5 2. Nf3 d6 3. d4 cxd4 4. Nxd4 Nf6 5. Nc3 a6 {[%emt 0:00:05] LiveBook: 60719 Games} 6. Qd3 {[%emt 0:00:00] B90: Sicilian Najdorf: Unusual White 6th moves, 6 Be3 Ng4 and 6 Be3 e5} (6. h3 e6 7. g4 h6 8. Bg2 Be7 9. Be3 Nc6 10. f4 Nd7 11. O-O O-O 12. Nf3 b5 13. Ne2 Bb7 14. Ng3 Rc8 15. c3 Na5 16. Bf2 {½-½ (46) Harikrishna,P (2737)-Navara,D (2737) Biel 2017}) 6... Nc6 7. Bg5 Qa5 8. f4 (8. Bxf6 $5 gxf6 9. Nb3 $11) 8... Nxd4 9. Qxd4 Be6 $146 ({Predecessor:} 9... e5 $11 10. Qd2 Be7 11. f5 b5 12. Bxf6 Bxf6 13. Qxd6 Bb7 14. O-O-O Rd8 15. Qc5 Rc8 16. Qa7 {½-½ (27) Grabics,M (2355)-Kovalevskaya,E (2480) Rotterdam 1998}) 10. b4 Qc7 ({Better is} 10... Qd8 $1 $14) 11. f5 Rc8 12. fxe6 (12. Nb5 $1 $16 axb5 13. fxe6 fxe6 14. Bxb5+ Kf7 15. c4 (15. O-O h6 $16)) 12... Qxc3+ 13. Qxc3 Rxc3 14. exf7+ Kxf7 15. Bd3 e5 16. Bd2 Rc7 17. Rf1 ({Better is} 17. c4 $16) 17... Be7 18. Ke2 Ke6 19. c4 Rf8 20. Rac1 h6 21. Bc3 b6 22. Bd2 Nh5 23. Rxf8 Bxf8 24. g3 Nf6 25. Be3 Nd7 26. Rc3 Rb7 ({Better is} 26... Be7 $14) 27. Bc2 Nb8 28. c5 Rc7 29. Bb3+ Kd7 30. Rd3 bxc5 31. Bxc5 Nc6 32. a3 Nd4+ 33. Bxd4 exd4 34. Rxd4 Be7 35. e5 Rc3 36. e6+ Kd8 37. Rd3 Rc1 38. Kf3 Kc7 39. Ke4 g6 40. Rd2 Re1+ 41. Kd3 Re5 42. Rc2+ Kb6 43. Rc8 d5 44. Kd4 Rxe6 45. Bxd5 Bf6+ 46. Kc4 Rd6 47. Rc5 Ka7 48. Rc7+ Kb8 49. Rb7+ Kc8 50. Rh7 Bg5 51. a4 Be3 52. h3 h5 53. Rh8+ Kc7 54. Rg8 Bf2 55. Rg7+ Kc8 56. Rg8+ Kc7 57. Rg7+ Kc8 58. g4 Be3 59. Rg8+ Kc7 60. Rg7+ Kc8 61. gxh5 gxh5 62. Re7 Bf2 63. Rf7 Be3 64. Rf3 Bg1 65. Rf8+ Kc7 66. Rh8 Rf6 67. Rxh5 Be3 68. Rh7+ Kd6 69. Bb7 Rf4+ {[%emt 0:01:10] [#]} 70. Kd3 $1 Bf2 71. Rh6+ ({Don't play} 71. Bxa6 $6 Rxb4 72. Bb5 Rh4 $14) 71... Kc7 72. Be4 ({Resist} 72. Bxa6 $6 Rxb4 73. Bb5 Rh4 $16) ({And not} 72. Rxa6 Kxb7 73. Rg6 Rxb4 $11) 72... Be1 {[%emt 0:00:18] [#]} 73. b5 $1 ({Not} 73. Rxa6 Bxb4 74. Rc6+ Kd8 $16) 73... axb5 74. axb5 Rh4 {[%emt 0:02:08] [#]} 75. b6+ $1 Kb8 76. Rxh4 Bxh4 77. Ke3 Bg3 78. Kf3 Bh2 79. h4 1-0

[Event "21st Hogeschool Zeeland 2017"]
[Site "Vlissingen"]
[Date "2017.08.12"]
[Round "9"]
[White "Maatman, Nick"]
[Black "Zwirs, Nico"]
[Result "1/2-1/2"]
[ECO "A27"]
[WhiteElo "2386"]
[BlackElo "2399"]
[Annotator "ChessBase"]
[PlyCount "156"]
[EventDate "2017.??.??"]
[SourceTitle "playchess.com"]
[Source "ChessBase"]
[SourceQuality "1"]
[TimeControl "40/5400+30:1800+30"]

1. d4 d6 2. c4 e5 3. Nf3 exd4 4. Nxd4 g6 5. g3 Bg7 6. Bg2 Ne7 7. Nc3 Nbc6 8. Nxc6 bxc6 9. O-O O-O 10. Qc2 Bf5 11. e4 Be6 12. b3 c5 13. Bb2 Nc6 14. Rae1 Qd7 15. f4 Rae8 16. Qd2 Nd4 17. Ne2 Nxe2+ 18. Rxe2 Bg4 19. Re3 Bxb2 20. Qxb2 Bh3 21. Bxh3 Qxh3 22. Rfe1 Re7 23. Qd2 Rfe8 24. R1e2 Qc8 25. Qe1 Qa6 26. Qf2 Qc6 27. Qe1 Qa6 28. Qd2 Re6 29. Qd5 Qa3 30. Qd2 Qa6 31. h4 Qc8 32. Qd5 R6e7 33. Kg2 Qg4 34. Qg5 Qe6 35. h5 f6 36. Qh4 Qf7 37. hxg6 Qxg6 38. Kf3 Rg7 39. Kf2 a5 40. Qh3 Rge7 41. Kf3 h5 42. g4 hxg4+ 43. Qxg4 Qxg4+ 44. Kxg4 Rh7 45. Rg3 Rg7+ 46. Kf3 Rxg3+ 47. Kxg3 Kf7 48. Kf3 Rh8 49. e5 fxe5 50. fxe5 Ke6 51. exd6+ Kxd6 52. Rg2 Kc6 53. Ke4 Kb6 54. Kd3 Rh3+ 55. Kc2 a4 56. bxa4 Ka5 57. Kb2 Kxa4 58. Rg7 Rh2+ 59. Kc3 Rh3+ 60. Kd2 Kb4 61. Rxc7 Kxc4 62. Rg7 Rh2+ 63. Kc1 Rxa2 64. Rg3 Kb4 65. Rh3 Ra1+ 66. Kc2 Rg1 67. Rf3 Rg2+ 68. Kc1 c4 69. Rh3 Rg5 70. Kc2 Ra5 71. Rg3 Ra2+ 72. Kc1 Ra3 73. Rxa3 Kxa3 74. Kc2 Kb4 75. Kb2 c3+ 76. Kc1 Kb3 77. Kb1 c2+ 78. Kc1 Kc3 1/2-1/2

[Event "21st Hogeschool Zeeland 2017"]
[Site "Vlissingen"]
[Date "2017.08.12"]
[Round "9"]
[White "Van Baar, Esper"]
[Black "Warmerdam, Max"]
[Result "0-1"]
[ECO "B70"]
[WhiteElo "2172"]
[BlackElo "2387"]
[Annotator "ChessBase"]
[PlyCount "130"]
[EventDate "2017.??.??"]
[SourceTitle "playchess.com"]
[Source "ChessBase"]
[SourceQuality "1"]
[TimeControl "40/5400+30:1800+30"]

1. e4 c5 2. Nc3 d6 3. Nge2 Nc6 4. g3 g6 5. d4 cxd4 6. Nxd4 Bg7 7. Nde2 Nf6 8. Bg2 O-O 9. O-O Rb8 10. a4 a6 11. h3 b5 12. axb5 axb5 13. Be3 b4 14. Nd5 Nd7 15. Nd4 Bxd4 16. Bxd4 e6 17. Ne3 e5 18. Ba7 Rb7 19. Qxd6 Nxa7 20. Nd5 Re8 21. Nxb4 Nb5 22. Qd2 Nd4 23. Rad1 Nf6 24. c3 Rxb4 25. cxb4 Bxh3 26. f3 Qb6 27. Kh2 Bxg2 28. Kxg2 Rb8 29. Qg5 Qe6 30. Ra1 Rxb4 31. Ra8+ Kg7 32. Rf2 Nxf3 33. Rxf3 Rxb2+ 34. Kg1 Nxe4 35. Qd8 Qb6+ 36. Qxb6 Rxb6 37. Re3 Ng5 38. Ra5 f6 39. Ra7+ Kh6 40. Re2 Kh5 41. Kg2 Kg4 42. Ra4+ Kf5 43. g4+ Ke6 44. Ra8 Rd6 45. Rb8 Rd4 46. Kg3 Ne4+ 47. Kf3 f5 48. gxf5+ gxf5 49. Re8+ Kd5 50. Rg2 Nd6 51. Re7 f4 52. Rxh7 Rd3+ 53. Kg4 f3 54. Rf2 Ne4 55. Rd7+ Ke6 56. Rxf3 Rxf3 57. Kxf3 Ng5+ 58. Kg4 Kxd7 59. Kxg5 Ke6 60. Kg4 Kd5 61. Kf3 Kd4 62. Kf2 Kd3 63. Ke1 e4 64. Kd1 e3 65. Ke1 e2 0-1